 Dungeon Sprint DCSS version 0.29.1-4-g47bece8355 (webtiles) character file.

Game seed: 16107726849005412092

31329 boopmooplesden the Executioner (level 13, -1/189 HPs)
             Began as a Minotaur Berserker on Dec 6, 2022.
             Was the Champion of Trog.
             Killed from afar by a hell hog (31 damage)
             ... with a fireball
             ... in the Dungeon (Sprint II: "The Violet Keep of Menkaure").
             The game lasted 00:08:36 (3149 turns).

boopmooplesden the Executioner (Minotaur Berserker) Turns: 3149, Time: 00:08:36

Health: -1/189     AC: 28    Str: 23    XL:     13   Next: 25%
Magic:  13/13      EV: 11    Int: -2 (2) God:    Trog [******]
Gold:   158        SH:  5    Dex: 10    Spells: 12/12 levels left

rFire   . . .      SeeInvis .   D - +8 frozen axe "Frostbite" {freezing cloud, *Noise Fly rC+}
rCold   + . .      Faith    .   (shield currently unavailable)
rNeg    . . .      Spirit   .   y - +3 plate armour "Gucs" {-Tele rElec rPois}
rPois   +          Reflect  +   (helmet restricted)
rElec   +          Harm     .   j - +2 cloak {rPois}
rCorr   .          Rampage  .   C - +0 pair of gloves
Will    .....      Rage     3%  i - +0 pair of boots
Stlth   .......... NoTele   +   x - amulet of reflection
HPRegen 0.41/turn               (no ring)
MPRegen 0.13/turn               (no ring)

@: berserking, flying, contaminated, slowed, lost intelligence, glowing, unable
to read
A: horns 2, retaliatory headbutt, berserk 1, clumsy 1, dopey 1, frail 1, high MP
1, weak 1, subdued magic 1, inability to read after injury 1
a: Renounce Religion, Berserk, Trog's Hand, Brothers in Arms


You were in the Dungeon.
You worshipped Trog.
Trog was exalted by your worship.
You visited 1 branch You collected 2005 gold pieces.
You spent 1847 gold pieces at shops.

Inventory:

Hand Weapons
 a - a +0 hand axe
 m - a +0 war axe of draining
 n - a +2 executioner's axe
 D - the +8 frozen axe "Frostbite" (weapon) {freezing cloud, *Noise Fly rC+}
   (Trog gifted it to you in the Dungeon)

   It freezes those it strikes, dealing additional cold damage.
   It can also slow down cold-blooded creatures.
   It occasionally leaves clouds of freezing vapour upon striking a foe.
   It grants immunity to clouds of freezing vapour.
   rC:        It protects you from cold.
   Fly:       It grants you flight.
   *Noise:    It may make noises in combat.
 F - the +6 broad axe of Ravage {vorpal, Int+3 SInv}
   (You bought it in a shop in the Dungeon)

   It inflicts extra damage upon your enemies.
   Int:       It affects your intelligence (+3).
   SInv:      It lets you see invisible.
Armour
 b - a +0 animal skin
 i - a +0 pair of boots (worn)
 j - a +2 cloak of poison resistance (worn)
 k - a +2 chain mail of willpower
 l - +0 gold dragon scales
 y - the +3 plate armour "Gucs" (worn) {-Tele rElec rPois}
   (You bought it in a shop in the Dungeon)

   rElec:     It insulates you from electricity.
   rPois:     It protects you from poison.
   -Tele:     It prevents most forms of teleportation.
 C - a +0 pair of gloves (worn)
Jewellery
 x - an amulet of reflection (around neck)
Wands
 E - a wand of light (10)
Scrolls
 h - a scroll of blinking
Potions
 c - a potion of curing
 d - 3 potions of heal wounds
 e - 3 potions of haste
 f - 6 potions of magic
 g - a potion of berserk rage
 o - a potion of invisibility {unknown}
 r - a potion of attraction
 u - 7 potions of flight
 w - 3 potions of resistance
 z - a potion of ambrosia
 A - a potion of lignification
 B - a potion of might


   Skills:
 + Level 20.3 Fighting
 + Level 23.6 Axes
 + Level 17.3 Armour
 + Level 11.2 Dodging
 + Level 3.4 Stealth
 + Level 6.7 Shields


You had 12 spell levels left.
You didn't know any spells.
Your spell library was empty.

Dungeon Overview and Level Annotations

Branches:
Dungeon (1/1)

Altars:
Cheibriados
Dithmenos
Elyvilon
Fedhas
Gozag
Hepliaklqana
Kikubaaqudgha
Makhleb
Nemelex Xobeh
Okawaru
Qazlal
Ru
Sif Muna
Trog
Uskayaw
Vehumet
Wu Jian
Xom
Yredelemnul
Zin
The Shining One
Jiyva
Lugonu

Shops:
D [([[:*([:[*!?(==[(?!:?=((?=

Annotations:
D exclusions: ice statue and oklob plant, Lernaean hydra


Innate Abilities, Weirdness & Mutations

You have a pair of horns on your head.
You reflexively headbutt those who attack you in melee.
You sometimes lose your temper in combat.
You are clumsy. (Dex -2)
You are dopey. (Int -2)
You are frail. (-10% HP)
You have an increased reservoir of magic. (+10% MP)
You are weak. (Str -2)
Your spells are a little easier to cast, but a little less powerful.
You occasionally lose the ability to read scrolls when taking damage.


Message History

You feel a little pissed off.
You reach down and open the door.
The polar bear growls angrily.
The hell hog bites you. The hell hog breathes fire at you.
The fireball explodes!
The fireball engulfs the hell hog.
The hell hog completely resists.
The fireball engulfs the hell hog.
The hell hog completely resists.
The fireball engulfs you!!!
You closely miss the hell hog. Your headbutt misses the hell hog.
You block the hell hog's attack.
You closely miss the hell hog. You headbutt the hell hog.
The hell hog is lightly wounded.
The hell hog barely misses you. The hell hog bites you!
You slash the hell hog! You freeze the hell hog!
The hell hog is heavily wounded.
The hell hog bites you. The hell hog breathes fire at you.
The fireball explodes!
The fireball engulfs the hell hog.
The hell hog completely resists.
The fireball engulfs the hell hog.
The hell hog completely resists.
The fireball engulfs you! The hell hog misses you. You furiously retaliate!
You headbutt the hell hog!
A red film seems to cover your vision as you go berserk!
You feel yourself moving faster!
You feel mighty! The hell hog breathes fire at you.
The fireball explodes!
The fireball engulfs you!!
You feel threatened and lose the ability to read scrolls!
* * * LOW HITPOINT WARNING * * *
The fireball engulfs the hell hog.
The hell hog completely resists.
The hell hog bites you but does no damage.
You closely miss the hell hog. Your headbutt misses the hell hog.
The hell hog is severely wounded.
The hell hog bites you!
* * * LOW HITPOINT WARNING * * *
You carve the hell hog like the proverbial ham!!!
You freeze the hell hog.
You kill the hell hog!
Trog accepts your kill. The hell hog breathes fire at you.
The fireball explodes!
The fireball engulfs you!!
You die...

##..∩.∩...#~~~~#).#..#,...
##.∩.∩.∩..#~~####...####..
##∩.∩.∩.∩.#~##.###'###.##.
##.∩...∩.∩#~#...##.##...#.
##∩.......'~'##.'.<.'###'.
##.......∩#~#.####.##...#.
#▓▓▓▓▓▓▓###~##.###'###.##.
##$.h######~~####...####~~
#[.h#?h☼@##~~~#..##.#~~~~
#∩Ph+.$#+##'#~####.##~~~§
#!.h#(##≈##.#~~##○##~~§≈≈
#$$h###§≈≈####~~°°§~~~~~§
*#+###≈§≈≈§#,#'°○#+++#~§≈
*,.o##≈≈≈§§###°○§°≈≈≈##≈§
**+###≈≈≈§§##§≈°§○°≈≈≈##≈
*.99#+§§§§§§≈°§○°§≈≈≈≈≈+≈
*#+###§≈§§≈##≈≈≈≈≈○○≈§##≈


You could see a hell hog (catching breath), a toenail golem, an oklob plant, 2
polar bears and 3 black bears.

Vanquished Creatures
  A golden dragon (D)
  A bone dragon (D)
  A kraken (D)
  A storm dragon (D)
  Kirke (D)
  A frost giant (D)
  A cacodemon (D)
  A deep elf high priest (D)
  A yaktaur captain (D)
  An ice dragon (D)
  2 boulder beetles (D)
  A hell hog (D)
  A skeletal warrior (D)
  2 deep trolls (D)
  An orange crystal statue (D)
  3 shining eyes (D)
  An elephant (D)
  2 unseen horrors (D)
  A kobold demonologist (D)
  A yaktaur (D)
  3 polar bears (D)
  A hornet (D)
  2 wyverns (D)
  Menkaure (D)
  4 neqoxecs (D)
  6 water moccasins (D)
  5 necrophages (D)
  4 lava snakes (D)
  An iron imp (D)
  A hell rat (D)
  3 worms (D)
  4 tentacles (D)
60 creatures vanquished.

Vanquished Creatures (others)
  A centaur warrior (D)
  A water moccasin (D)
  12 tentacles (D)
14 creatures vanquished.

Grand Total: 74 creatures vanquished

Notes
Turn   | Place    | Note
-------+----------+-------------------------------------------
     0 | D        | boopmooplesden the Minotaur Berserker began the quest for
                  | the Orb.
     0 | D        | Reached XP level 1. HP: 19/19 MP: 0/0
     1 | D        | Noticed a boulder beetle
     1 | D        | Noticed a boulder beetle
     4 | D        | Noticed a necrophage
     4 | D        | Noticed a necrophage
     4 | D        | Noticed a necrophage
     4 | D        | Noticed a necrophage
    11 | D        | Killed a necrophage
    12 | D        | Reached skill level 6 in Axes
    12 | D        | Reached XP level 2. HP: 27/31 MP: 1/1
    12 | D        | Reached XP level 3. HP: 34/38 MP: 2/2
    17 | D        | Killed a necrophage
    18 | D        | Reached skill level 8 in Axes
    18 | D        | Reached XP level 4. HP: 36/48 MP: 3/3
    19 | D        | Killed a necrophage
    19 | D        | Reached ** piety under Trog
    20 | D        | Reached skill level 9 in Axes
    20 | D        | Reached XP level 5. HP: 32/56 MP: 4/4
    22 | D        | Reached skill level 5 in Armour
    22 | D        | Reached skill level 5 in Dodging
   366 | D        | Noticed a neqoxec
   366 | D        | Noticed a neqoxec
   366 | D        | Noticed a neqoxec
   366 | D        | Noticed a neqoxec
   369 | D        | Gained mutation: You have an increased reservoir of magic.
                  | (+10% MP) [a neqoxec]
   373 | D        | Killed a neqoxec
   374 | D        | Reached skill level 10 in Fighting
   374 | D        | Reached skill level 10 in Axes
   374 | D        | Reached XP level 6. HP: 67/67 MP: 5/5
   378 | D        | Killed a neqoxec
   378 | D        | Reached *** piety under Trog
   379 | D        | Reached skill level 11 in Axes
   380 | D        | Gained mutation: Your spells are a little easier to cast,
                  | but a little less powerful. [a neqoxec]
   382 | D        | Killed a neqoxec
   383 | D        | Reached skill level 12 in Axes
   383 | D        | Reached XP level 7. HP: 75/75 MP: 6/6
   383 | D        | Killed a neqoxec
   384 | D        | Reached skill level 13 in Axes
   532 | D        | Reached **** piety under Trog
   537 | D        | Found Ocaal's Jewellery Shop.
   538 | D        | Found Naoqorph's Magic Scroll Boutique.
   538 | D        | Found Bovimuhaga's Antique Weapon Shop.
   538 | D        | Found Irowenymo's Weapon Shop.
   538 | D        | Found Mieliff's Distillery.
   538 | D        | Found Roqob's Jewellery Boutique.
   538 | D        | Found Zosach's Jewellery Shop.
   538 | D        | Found Iwo Punt's Magic Scroll Shop.
   545 | D        | Found Tesau's Magic Scroll Shop.
   545 | D        | Found Giwema's Distillery.
   545 | D        | Noticed Menkaure
   565 | D        | Killed Menkaure
   566 | D        | Noticed a polar bear
   568 | D        | Noticed a polar bear
   736 | D        | Reached ***** piety under Trog
   745 | D        | Found Xejuw's Book Shop.
   745 | D        | Found Qaviacy's Antique Armour Boutique.
   745 | D        | Noticed an oklob plant
   746 | D        | Found Nyuranuc's Armour Shop.
   746 | D        | Found Jugu's Antique Armour Boutique.
   746 | D        | Found Newop's Book Shoppe.
   760 | D        | Bought a pair of boots for 99 gold pieces
   765 | D        | Noticed a hell hog
   765 | D        | Noticed a hell hog
   766 | D        | Bought an embroidered cloak for 202 gold pieces
   766 | D        | Bought a glowing chain mail for 202 gold pieces
   822 | D        | Found an ornate altar of the Wu Jian Council.
   822 | D        | Found a stormy altar of Qazlal.
   823 | D        | Found a hazy altar of Hepliaklqana.
   823 | D        | Found a sacrificial altar of Ru.
   824 | D        | Found a viscous altar of Jiyva.
   824 | D        | Found a shimmering blue altar of Sif Muna.
   825 | D        | Found a snail-covered altar of Cheibriados.
   825 | D        | Found an ancient bone altar of Kikubaaqudgha.
   825 | D        | Found a shimmering altar of Xom.
   825 | D        | Found a bloodstained altar of Trog.
   826 | D        | Found a shadowy altar of Dithmenos.
   826 | D        | Found a corrupted altar of Lugonu.
   827 | D        | Found a white marble altar of Elyvilon.
   827 | D        | Found a burning altar of Makhleb.
   828 | D        | Found a blossoming altar of Fedhas.
   830 | D        | Noticed a yaktaur
   830 | D        | Noticed a hornet
   830 | D        | Noticed a polar bear
   830 | D        | Noticed a polar bear
   835 | D        | Killed a polar bear
   836 | D        | Reached skill level 14 in Axes
   836 | D        | Reached XP level 8. HP: 86/86 MP: 7/7
   836 | D        | Noticed a polar bear
   841 | D        | Killed a polar bear
   844 | D        | Killed a polar bear
   845 | D        | Killed a hornet
   846 | D        | Reached skill level 15 in Axes
   846 | D        | Reached skill level 1 in Stealth
   851 | D        | Killed a yaktaur
   852 | D        | Reached XP level 9. HP: 96/96 MP: 8/8
   950 | D        | Found an opulent altar of Gozag.
   956 | D        | Noticed a kraken
   979 | D        | Reached skill level 15 in Fighting
   979 | D        | Reached skill level 16 in Axes
  1213 | D        | Found a sparkling altar of Nemelex Xobeh.
  1213 | D        | Found a hide-covered altar of Uskayaw.
  1213 | D        | Found a basalt altar of Yredelemnul.
  1214 | D        | Found an iron altar of Okawaru.
  1214 | D        | Found a radiant altar of Vehumet.
  1214 | D        | Found a glowing silver altar of Zin.
  1224 | D        | Noticed a deep troll
  1231 | D        | Noticed a deep troll
  1237 | D        | Killed a deep troll
  1245 | D        | Killed a deep troll
  1245 | D        | Reached ****** piety under Trog
  1245 | D        | Received a gift from Trog
  1245 | D        | Found the +8 frozen axe "Frostbite" {freezing cloud, *Noise
                  | Fly rC+}
  1246 | D        | Reached skill level 17 in Axes
  1246 | D        | Reached skill level 10 in Armour
  1441 | D        | Found a glowing golden altar of the Shining One.
  1480 | D        | Killed a kraken
  1481 | D        | Reached skill level 1 in Shields
  1481 | D        | Reached XP level 10. HP: 108/108 MP: 10/10
  1518 | D        | Killed a boulder beetle
  1519 | D        | Reached skill level 18 in Axes
  1519 | D        | Reached skill level 10 in Dodging
  1521 | D        | Killed a boulder beetle
  1551 | D        | Bought a fine plate armour for 756 gold pieces
  1551 | D        | Identified the +3 plate armour "Gucs" {-Tele rElec rPois}
                  | (You bought it in a shop in the Dungeon)
  1589 | D        | Noticed an ice statue
  1592 | D        | Noticed Kirke
  1592 | D        | Noticed a skeletal warrior
  1592 | D        | Noticed a yaktaur captain
  1602 | D        | Killed a yaktaur captain
  1606 | D        | Noticed an elephant
  1613 | D        | Killed Kirke
  1614 | D        | Reached skill level 19 in Axes
  1616 | D        | Killed an elephant
  1616 | D        | Received a gift from Trog
  1617 | D        | Reached XP level 11. HP: 117/118 MP: 11/11
  1618 | D        | Killed a skeletal warrior
  1628 | D        | Noticed a centaur warrior
  1638 | D        | Killed a centaur warrior
  1639 | D        | Reached skill level 20 in Axes
  1818 | D        | Noticed an ice dragon
  1825 | D        | Killed an ice dragon
  1825 | D        | Received a gift from Trog
  1921 | D        | Noticed a shining eye
  1921 | D        | Noticed a shining eye
  1923 | D        | Reached skill level 15 in Armour
  1925 | D        | Killed a shining eye
  1927 | D        | Killed a shining eye
  1930 | D        | Reached skill level 21 in Axes
  1930 | D        | Noticed a shining eye
  1936 | D        | Gained mutation: You have hidden genetic defects. [a
                  | shining eye]
  1937 | D        | Killed a shining eye
  1972 | D        | Found Inoci's Armour Emporium.
  1972 | D        | Found Ywesaw's General Store.
  1972 | D        | Found Fouc's Weapon Shop.
  1972 | D        | Found Erom Notadi's Antique Weapon Shoppe.
  1972 | D        | Found Eseok's General Store.
  1973 | D        | Found Zuzo Rix's Antique Armour Shoppe.
  1973 | D        | Found Zaett's Weapon Boutique.
  1973 | D        | Found Naklo's Armour Emporium.
  1973 | D        | Found Wogyoqae's Book Shop.
  1973 | D        | Found Gocoat's Jewellery Emporium.
  1973 | D        | Found Focaq's Antique Weapon Shop.
  1973 | D        | Found Gammiypo's Magic Scroll Shoppe.
  1982 | D        | Bought the +6 broad axe of Ravage {vorpal, Int+3 SInv} for
                  | 588 gold pieces
  2098 | D        | Noticed a storm dragon
  2098 | D        | Noticed a cacodemon
  2098 | D        | Noticed a bone dragon
  2175 | D        | Gained mutation: You occasionally lose the ability to read
                  | scrolls when taking damage. [a cacodemon]
  2181 | D        | Killed a cacodemon
  2181 | D        | Received a gift from Trog
  2191 | D        | Killed a storm dragon
  2192 | D        | Reached skill level 22 in Axes
  2207 | D        | Noticed a frost giant
  2210 | D        | Gained mutation: You are clumsy. (Dex -2) [hidden defects]
  2213 | D        | Killed a frost giant
  2236 | D        | Noticed a deep elf high priest
  2239 | D        | Killed a deep elf high priest
  2240 | D        | Reached skill level 5 in Shields
  2493 | D        | Noticed a golden dragon
  2729 | D        | Killed a golden dragon
  2730 | D        | Reached skill level 23 in Axes
  2730 | D        | Reached XP level 12. HP: 132/132 MP: 12/12
  2739 | D        | Gained mutation: You are frail. (-10% HP) [hidden defects]
  2739 | D        | Lost mutation: You have hidden genetic defects. [hidden
                  | defects expressed]
  2760 | D        | Reached XP level 13. HP: 125/125 MP: 13/13
  2788 | D        | Killed a bone dragon
  2900 | D        | Received a gift from Trog
  3105 | D        | Noticed an orc warlord
  3109 | D        | Lost intelligence.
  3112 | D        | Gained mutation: You are dopey. (Int -2) [mutagenic glow]
  3115 | D        | Noticed the 27-headed Lernaean hydra
  3134 | D        | Gained mutation: You are weak. (Str -2) [mutagenic glow]
  3142 | D        | Gained mutation: You sometimes lose your temper in combat.
                  | [mutagenic glow]
  3149 | D        | Killed from afar by a hell hog

Illustrated notes

Levels and vault maps discovered:
D:        the_violet_keep_of_menkaure [sprint2_stairs_cluster_1,
          sprint2_shoproom, sprint2_temple, sprint2_basic_supplies,
          sprint2_obstacle_5, sprint2_obstacle_7, sprint2_obstacle_2,
          sprint2_obstacle_4, sprint2_obstacle_1, sprint2_timed_cluster_1,
          sprint2_smallroom_cluster_1, sprint2_smallroom_final_cluster_1,
          sprint2_transparent_cluster_1, sprint2_second_timed_cluster_1,
          sprint2_sniper_area_1, sprint2_heavy_combat_area_1,
          sprint2_mutation_trap_area_1, sprint2_forest_area_1,
          sprint2_light_combat_area_1, sprint2_behind_water_1,
          sprint2_near_end_vault_1]

Skill      XL: |  1  2  3  4  5  6  7  8  9 10 11 12 13 |
---------------+----------------------------------------+-----
Fighting       | 6 7 8 10 11 13 14 16 17 19 20 | 20.3
Axes           | 6 8 9 10 12 14 15 17 19 23 | 23.6
Armour         | 3 4 5 6 8 11 13 16 17 | 17.3
Dodging        | 3 4 5 6 7 8 9 10 11 | 11.2
Stealth        | 1 2 3 |  3.4
Shields        | 1 2 5 6 |  6.7

Action                   |  1- 3 |  4- 6 |  7- 9 | 10-12 | 13-15 || total
-------------------------+-------+-------+-------+-------+-------++-------
Melee: Hand axe          |    12 |    17 |    52 |       |       ||    81
       Headbutt          |     2 |     2 |    21 |    16 |     3 ||    44
       War axe           |       |       |    19 |       |       ||    19
       Executioner's axe |       |       |     7 |    80 |    22 ||   109
Invok: Berserk           |     1 |     1 |     4 |     4 |     1 ||    11
  Use: Scroll            |       |       |       |    14 |       ||    14
       Potion            |       |       |       |     1 |       ||     1
Armor: Animal skin       |       |     2 |       |       |       ||     2
       Chain mail        |       |       |    34 |     2 |       ||    36
       Plate armour      |       |       |       |    60 |    12 ||    72
Dodge: Dodged            |     2 |     6 |    25 |    22 |     9 ||    64
Block: Other             |       |       |     5 |    19 |     8 ||    32
       Reflection        |       |       |       |     1 |       ||     1
